 Dungeon Crawl Stone Soup version 0.28-a0-445-g51f8dfeb47 (webtiles) character file.

Game seed: 16344665274844440065

1682 Gargoyl the Skirmisher (level 9, -2/72 HPs)
             Began as a Gnoll Abyssal Knight on Sept 12, 2021.
             Was a Believer of Lugonu.
             Shot with an arrow by a centaur (11 damage)
             ... on level 5 of the Dungeon.
             The game lasted 00:06:26 (6189 turns).

Gargoyl the Skirmisher (Gnoll Abyssal Knight)       Turns: 6189, Time: 00:06:26

Health: -2/72      AC:  5    Str: 12 (14) XL:     9   Next: 2%
Magic:  14/14      EV:  6    Int: 10 (13) God:    Lugonu [**....]
Gold:   271        SH:  0    Dex:  8 (11) Spells: 15/15 levels left

rFire   . . .      SeeInvis .   c - +2 dagger (venom)
rCold   . . .      Faith    .   (no shield)
rNeg    + . .      Spirit   .   j - +0 chain mail
rPois   .          Reflect  .   (no helmet)
rElec   .          Harm     .   h - +2 cloak
rCorr   .          Rampage  .   (no gloves)
Will    .....                   (no boots)
Stlth   ..........              (no amulet)
HPRegen 0.22/turn               f - ring of positive energy
MPRegen 0.14/turn               (no ring)

@: confused, ambrosia-drunk, corroded
A: fangs 1, strong nose, distributed training
a: Renounce Religion, Depart the Abyss, Bend Space


You were on level 5 of the Dungeon.
You worshipped Lugonu.
Lugonu was pleased with you.
You visited 1 branch of the dungeon, and saw 5 of its levels.
You visited the Abyss 1 time.

You collected 271 gold pieces.

Inventory:

Hand Weapons
 a - a +2 hand axe
 c - a +2 dagger of venom (weapon)
 q - the +4 long sword of Past Mistakes {flame, rN+}
   (You took it off an orc wizard on level 5 of the Dungeon)

   It burns those it strikes, dealing additional fire damage.
   Big, fiery blades are also staple armaments of hydra-hunters.
   rN:        It protects you from negative energy.
Armour
 h - a +2 cloak (worn)
 j - a +0 chain mail (worn)
 o - a +2 cloak
Jewellery
 f - a ring of positive energy (left hand)
 l - a ring of willpower
Wands
 k - a wand of iceblast (1)
 n - a wand of polymorph (10)
Scrolls
 d - 2 scrolls of enchant armour
 i - a scroll of holy word
 p - a scroll of fear {unknown}
 r - a scroll of fog {unknown}
 s - a scroll of vulnerability {unknown}
Potions
 b - 2 potions of heal wounds {unknown}
 m - 2 potions of curing {unknown}


   Skills:
 + Level 7.6 Fighting
 + Level 3.8 Short Blades
 + Level 3.8 Long Blades
 + Level 6.0 Axes
 + Level 3.8 Maces & Flails
 + Level 3.8 Polearms
 + Level 3.8 Staves
 + Level 3.8 Slings
 + Level 3.8 Bows
 + Level 3.8 Crossbows
 + Level 3.8 Throwing
 + Level 6.0 Armour
 + Level 4.6 Dodging
 + Level 3.8 Stealth
 + Level 3.8 Shields
 + Level 3.8 Unarmed Combat
 + Level 3.8 Spellcasting
 + Level 3.1 Conjurations
 + Level 3.1 Hexes
 + Level 3.1 Summonings
 + Level 3.1 Necromancy
 + Level 3.1 Translocations
 + Level 3.1 Transmutations
 + Level 3.1 Fire Magic
 + Level 3.1 Ice Magic
 + Level 3.1 Air Magic
 + Level 3.1 Earth Magic
 + Level 3.1 Poison Magic
 + Level 6.2 Invocations
 + Level 3.8 Evocations


You had 15 spell levels left.
You didn't know any spells.
Your spell library contained the following spells:

 Spells                   Type           Power      Damage    Failure   Level
 Gell's Gravitas          Tloc           4%         N/A       99%         3
 Lesser Beckoning         Tloc           8%         N/A       99%         3
 Summon Guardian Golem    Hex/Summ       8%         N/A       99%         3
 Teleport Other           Tloc           8%         N/A       99%         3
 Orb of Destruction       Conj           4%         9d2       100%        7
 Spellforged Servitor     Conj/Summ      4%         N/A       100%        7


Dungeon Overview and Level Annotations

Branches:
Dungeon (5/15)             Temple (0/1) D:4

Altars:
Cheibriados
Nemelex Xobeh
The Shining One

Shops:
D:4 *


Innate Abilities, Weirdness & Mutations

You have very sharp teeth.
Your uncanny sense of smell can sniff out nearby items.
Your experience applies equally to all skills.


Message History

The white imp barely misses you.
Unknown command.
The centaur wields a +0 shortbow.
The centaur shoots an arrow.
The arrow hits you! The white imp gestures at you.
The puff of frost hits you but does no damage.
You hit the jelly. The acid corrodes you!
Your hands burn!
* * * LOW HITPOINT WARNING * * *
The jelly is almost dead.
You kill the jelly!
Lugonu accepts your kill.
Unknown command.
You are confused.
You feel invigorated.
The centaur unwields a +0 shortbow.
The centaur hits you.
* * * LOW HITPOINT WARNING * * *
The centaur kicks you but does no damage.
The centaur misses you. The centaur closely misses you.
Unknown command.
You bump into the rock wall.
The centaur hits you.
* * * LOW HITPOINT WARNING * * *
The centaur kicks you but does no damage.
Unknown command.
You hit the centaur but do no damage.
The centaur is poisoned.
The centaur hits you.
* * * LOW HITPOINT WARNING * * *
The centaur barely misses you.
Unknown command.
The centaur wields a +0 shortbow.
The centaur shoots an arrow.
The arrow hits you!
* * * LOW HITPOINT WARNING * * *
The white imp gestures at you. The puff of frost misses you.
The centaur shoots an arrow.
The arrow barely misses you.
Unknown command.
It was a potion of degeneration.
There was something very wrong with that liquid.
You feel weakened.
You feel dopey.
You feel clumsy. The white imp gestures at you. The puff of frost misses you.
The centaur shoots an arrow.
The arrow hits you!
You die...

#########
#.#.#5..#.#
##.#.co..#
#.#..#.#..# ##.@##o#
..## #..##... ..#
#.## .[.. #.#
#..##.(.##..#
##..##.##..#
#.#..###..# #######
##.#..#..#.###......
#.#.#...#.#.#.......
######†#### ##.####.


You could see a centaur (very poisoned), a white imp and an orc.

Vanquished Creatures
  Pikel (D:4)
  2 water moccasins (D:5)
  An ogre (D:4)
  A centaur (D:5)
  A necrophage (D:4)
  A lemure (D:4)
  3 scorpions (D:4)
  A quasit (Abyss:1)
  A hound (D:5)
  An orc priest (D:5)
  2 jellies (D:5)
  A centaur skeleton (D:4)
  An iguana (D:5)
  Natasha (D:2)
  6 orc wizards (D:5)
  A killer bee zombie (D:5)
  7 adders
  An ufetubus (D:5)
  An adder skeleton (D:4)
  A worm (D:5)
  3 dart slugs
  7 orcs (D:5)
  8 endoplasms
  A giant cockroach (D:1)
  5 goblins
  7 hobgoblins
  3 jackals
  12 kobolds
  2 quokkas
  5 ball pythons
  4 bats
  3 frilled lizards
  4 rats
99 creatures vanquished.

Vanquished Creatures (collateral kills)
  A jelly (D:5)
1 creature vanquished.

Vanquished Creatures (others)
  A fungus (D:1)
  2 plants (D:1)
3 creatures vanquished.

Grand Total: 103 creatures vanquished

Notes
Turn   | Place    | Note
-------+----------+-------------------------------------------
     0 | Abyss:1  | Gargoyl the Gnoll Abyssal Knight began the quest for the
                  | Orb.
     0 | Abyss:1  | Reached XP level 1. HP: 23/23 MP: 3/3
    64 | Abyss:1  | Noticed a quasit
    78 | Abyss:1  | Killed a quasit
    79 | Abyss:1  | Reached XP level 2. HP: 11/29 MP: 5/5
    79 | Abyss:1  | Reached XP level 3. HP: 14/35 MP: 6/6
    80 | Abyss:1  | Noticed a ynoxinul
    81 | D:1      | Escaped the Abyss
   544 | D:1      | Reached * piety under Lugonu
   698 | D:1      | Reached skill level 1 in Short Blades
   698 | D:1      | Reached skill level 1 in Long Blades
   698 | D:1      | Reached skill level 1 in Maces & Flails
   698 | D:1      | Reached skill level 1 in Polearms
   698 | D:1      | Reached skill level 1 in Staves
   698 | D:1      | Reached skill level 1 in Slings
   698 | D:1      | Reached skill level 1 in Bows
   698 | D:1      | Reached skill level 1 in Crossbows
   698 | D:1      | Reached skill level 1 in Throwing
   698 | D:1      | Reached skill level 1 in Stealth
   698 | D:1      | Reached skill level 1 in Shields
   698 | D:1      | Reached skill level 1 in Unarmed Combat
   698 | D:1      | Reached skill level 1 in Spellcasting
   698 | D:1      | Reached skill level 1 in Evocations
   939 | D:1      | Reached XP level 4. HP: 33/41 MP: 7/7
  1067 | D:1      | Found a faded altar of an unknown god.
  1981 | D:2      | Noticed Natasha
  1992 | D:2      | Killed Natasha
  1993 | D:2      | Reached skill level 1 in Conjurations
  1993 | D:2      | Reached skill level 1 in Hexes
  1993 | D:2      | Reached skill level 1 in Summonings
  1993 | D:2      | Reached skill level 1 in Necromancy
  1993 | D:2      | Reached skill level 1 in Translocations
  1993 | D:2      | Reached skill level 1 in Transmutations
  1993 | D:2      | Reached skill level 1 in Fire Magic
  1993 | D:2      | Reached skill level 1 in Ice Magic
  1993 | D:2      | Reached skill level 1 in Air Magic
  1993 | D:2      | Reached skill level 1 in Earth Magic
  1993 | D:2      | Reached skill level 1 in Poison Magic
  2759 | D:3      | Reached XP level 5. HP: 47/47 MP: 8/8
  3113 | D:4      | Noticed an ogre
  3142 | D:4      | Killed an ogre
  3143 | D:4      | Reached skill level 5 in Invocations
  3143 | D:4      | Reached XP level 6. HP: 41/53 MP: 9/9
  3226 | D:4      | Reached skill level 5 in Axes
  3226 | D:4      | Reached skill level 5 in Armour
  3624 | D:4      | Found a staircase to the Ecumenical Temple.
  3790 | D:4      | Noticed Pikel
  3816 | D:4      | Killed Pikel
  3816 | D:4      | Reached ** piety under Lugonu
  3817 | D:4      | Reached skill level 7 in Fighting
  3817 | D:4      | Reached XP level 7. HP: 36/60 MP: 9/11
  4030 | D:4      | Found a snail-covered altar of Cheibriados.
  4045 | D:4      | Reached XP level 8. HP: 55/67 MP: 12/12
  4213 | D:4      | Found Wuliduf's Assorted Antiques.
  4332 | D:4      | Found a glowing golden altar of the Shining One.
  4592 | D:5      | Entered Level 5 of the Dungeon
  4784 | D:5      | Found a sparkling altar of Nemelex Xobeh.
  5141 | D:5      | Identified the +4 long sword of Past Mistakes {flame, rN+}
  5786 | D:5      | HP: 3/67 [poisoned by a water moccasin]
  6170 | D:5      | Reached XP level 9. HP: 72/72 MP: 14/14
  6189 | D:5      | Shot with an arrow by a centaur

Illustrated notes

Levels and vault maps discovered:
D:1:      dpeg_arrival_shrine, layout_rooms, serial_forest,
          infiniplex_forest_lined_room_2, infiniplex_forest_corner_1,
          infiniplex_forest_straight_4, infiniplex_forest_corner_2,
          infiniplex_forest_end_3, infiniplex_forest_diagonal,
          shapermc_ecumenical_altar_mp_urbaneastern
D:2:      layout_loops_ring, uniq_natasha
D:3:      layout_rooms, due_unseen_surprise
D:4:      layout_basic, kennysheep_little_box, old_standard_altar,
          minmay_temple_entry_ruins, serial_shops, shop, uniq_pikel
D:5:      minmay_diamond_boxcup, layout_loops_ring,
          nemelex_xobeh_ov_fountains_minmay

Skill      XL: |  1  2  3  4  5  6  7  8 |
---------------+-------------------------+-----
Short Blades   | 1 2 3 |  3.8
Long Blades    | 1 2 3 |  3.8
Maces & Flails | 1 2 3 |  3.8
Polearms       | 1 2 3 |  3.8
Staves         | 1 2 3 |  3.8
Slings         | 1 2 3 |  3.8
Bows           | 1 2 3 |  3.8
Crossbows      | 1 2 3 |  3.8
Throwing       | 1 2 3 |  3.8
Stealth        | 1 2 3 |  3.8
Shields        | 1 2 3 |  3.8
Unarmed Combat | 1 2 3 |  3.8
Spellcasting   | 1 2 3 |  3.8
Evocations     | 1 2 3 |  3.8
Conjurations   | 1 2 3 |  3.1
Hexes          | 1 2 3 |  3.1
Summonings     | 1 2 3 |  3.1
Necromancy     | 1 2 3 |  3.1
Translocations | 1 2 3 |  3.1
Transmutations | 1 2 3 |  3.1
Fire Magic     | 1 2 3 |  3.1
Ice Magic      | 1 2 3 |  3.1
Air Magic      | 1 2 3 |  3.1
Earth Magic    | 1 2 3 |  3.1
Poison Magic   | 1 2 3 |  3.1
Dodging        | 3 4 |  4.6
Invocations    | 5 6 |  6.2
Axes           | 5 6 |  6.0
Armour         | 5 6 |  6.0
Fighting       | 7 |  7.6

Action                   |  1- 3 |  4- 6 |  7- 9 || total
-------------------------+-------+-------+-------++-------
Melee: Dagger            |    58 |   152 |   215 ||   425
       Bite              |     3 |    17 |    17 ||    37
       Punch             |       |     1 |       ||     1
Invok: Depart the Abyss  |     1 |       |       ||     1
Evoke: Wand              |       |     1 |       ||     1
  Use: Scroll            |       |    10 |     2 ||    12
       Potion            |       |       |     4 ||     4
Armor: Leather armour    |    42 |     5 |       ||    47
       Chain mail        |       |    67 |   147 ||   214
       Ring mail         |       |     8 |       ||     8
Dodge: Dodged            |    44 |    46 |    71 ||   161

Table legend: (Time is in decaauts)
 A = Elapsed time spent in this place.
 B = Non-inter-level travel time spent in this place.
 C = Inter-level travel time spent in this place.
 D = Time resting spent in this place.
 E = Time spent auto-exploring this place.
 F = Levels seen in this place.
 G = Mean time per level.
                   A        B        C        D        E       F      G
               +--------+--------+--------+--------+--------+-----+--------+
         Total |   6140 |   6057 |     83 |   1110 |   3989 |   6 | 1023.3 |
       Dungeon |   6059 |   5976 |     83 |   1110 |   3929 |   5 | 1211.8 |
         Abyss |     80 |     80 |      0 |      0 |     60 |   1 |   80.0 |
               +--------+--------+--------+--------+--------+-----+--------+

Top non-repeatable levels by time:
     D:5: 1569 daAuts
     D:4: 1548 daAuts
     D:1: 1121 daAuts
     D:2: 1076 daAuts
     D:3: 744 daAuts
 Abyss:1: 80 daAuts
